 Dungeon Crawl Stone Soup version 0.31-a0-1469-gd420192249 (webtiles) character file.

Game seed: 16371167165892519054

2745 BigPumpCobain the Grappler (level 9, -12/71 HPs)
             Began as a Merfolk Shapeshifter on Dec 28, 2023.
             Was an Initiate of Gozag.
             Killed by divine providence
             ... invoked by an orc priest
              (16 damage)
             ... on level 6 of the Dungeon.
             The game lasted 00:07:50 (5819 turns).

BigPumpCobain the Grappler (Merfolk Shapeshifter)   Turns: 5819, Time: 00:07:51

Health: -12/71     AC: 10    Str: 18    XL:     9   Next: 68%
Magic:  9/9        EV: 10    Int:  9    God:    Gozag
Gold:   784        SH:  4    Dex: 14    Spells: 8/8 levels left

rFire   . .          .
                       - Unarmed
rCold   . . .        m - +0 buckler
rNeg    . . .        f - +0 scale mail
rPois   .            (helmet currently unavailable)
rElec   .            (cloak currently unavailable)
rCorr   .            (gloves currently unavailable)
SInv    .            (boots currently unavailable)
Will    .....        (no amulet) Stlth
                     l - +4 ring of protection
HPRegen 0.31/turn    (no ring)
MPRegen 0.11/turn

%: no passive effects
@: about to teleport, beast-form, gold aura
A: beast (slay +4), (nimble swimmer 2), mertail
a: Begin Untransformation, Renounce Religion, Potion Petition, Call Merchant,
Bribe Branch


You were on level 6 of the Dungeon.
You worshipped Gozag.
Gozag was pleased with you.
You were a hulking beast.
You visited 2 branches of the dungeon, and saw 7 of its levels.
You also visited: Ossuary.

You collected 877 gold pieces.
You paid 93 gold pieces to Gozag.

Inventory:

Hand Weapons
 h - a +2 whip of freezing
Armour
 f - a +0 scale mail (worn)
 m - a +0 buckler (worn)
 t - a +0 kite shield
Jewellery
 l - a +4 ring of protection (left hand)
 o - a ring of ice
Talismans
 c - a beast talisman
 d - a flux talisman
 x - a maw talisman
Scrolls
 b - a scroll of vulnerability {unknown}
 i - 2 scrolls of noise {unknown}
 k - a scroll of immolation
 n - a scroll of poison
 v - a scroll of identify
 y - a scroll of fear {unknown}
Potions
 a - a potion of attraction {unknown}
 e - 4 potions of mutation {unknown}
 g - 2 potions of degeneration {unknown}
 j - a potion of enlightenment {unknown}
 q - 3 potions of brilliance {unknown}
 r - 2 potions of ambrosia {unknown}
 s - a potion of curing
 w - 2 potions of heal wounds {unknown}
 z - 2 potions of magic {unknown}
 A - a potion of haste {unknown}


   Skills:
 + Level 6.5 Fighting
 + Level 3.5 Armour
 - Level 2.6 Dodging
 * Level 9.8 Unarmed Combat
 + Level 8.2 Shapeshifting


You had 8 spell levels left.
You didn't know any spells.
Your spell library contained the following spells:

 Spells                   Type           Power      Damage    Failure   Level
 Apportation              Tloc           0%         N/A       86%         1
 Necrotise                Necr           0%         1d4       86%         1
 Sting                    Conj/Alch      0%         1d3       86%         1
 Summon Small Mammal      Summ           0%         N/A       86%         1
 Scorch                   Fire           0%         2d5       94%         2
 Inner Flame              Hex/Fire       0%         N/A       99%         3
 Animate Armour           Summ/Erth      0%         N/A       100%        4
 Flame Wave               Conj/Fire      0%         2d4       100%        4
 Sticky Flame             Fire/Alch      0%         2d4       100%        4
 Summon Lightning Spire   Summ/Air       0%         N/A       100%        4
 Lee's Rapid Deconstruct  Erth           0%         3d4*      100%        5
 Summon Cactus Giant      Summ           0%         N/A       100%        6


Dungeon Overview and Level Annotations

Branches:
Dungeon (6/15)             Temple (1/1) D:4         Ossuary (visited)

Altars:
Dithmenos
Gozag
Hepliaklqana
Kikubaaqudgha
Makhleb
Nemelex Xobeh
Okawaru
Qazlal
Ru
Trog
Uskayaw
Vehumet
Wu Jian
Yredelemnul
The Shining One


Innate Abilities, Weirdness & Mutations

You are a hulking beast.
Your limbs bulge with bestial killing power. (Slay +4)
((You are very nimble when in or above water. (Stealth+, EV+, Speed+++)))
Your lower body shifts to a powerful aquatic tail in water.


Message History

You kill the wyvern!
The orc priest barely misses you.
The orc warrior hits you with a +0 battleaxe of electrocution.
You are electrocuted!!
* * * LOW HITPOINT WARNING * * *
You are too injured to fight recklessly!
You are too injured to fight recklessly!
You are too injured to fight recklessly!
You are too injured to fight recklessly!
You are too injured to fight recklessly!
You are too injured to fight recklessly!
You are too injured to fight recklessly!
You are too injured to fight recklessly!
You are too injured to fight recklessly!
You are too injured to fight recklessly!
You are too injured to fight recklessly!
You are too injured to fight recklessly!
You are too injured to fight recklessly!
You are too injured to fight recklessly!
You are too injured to fight recklessly!
You are too injured to fight recklessly!
You are too injured to fight recklessly!
You are too injured to fight recklessly!
You are too injured to fight recklessly!
You are too injured to fight recklessly!
You are too injured to fight recklessly!
Okay, then.
As you read the scroll of fog, it dissolves into smoke.
The orc priest hits you but does no damage.
The orc warrior closely misses you.
The ice beast hits you but does no damage.
As you read the scroll of teleportation, it crumbles to dust.
You feel strangely unstable. You block the ice beast's attack.
The orc priest barely misses you. The orc warrior closely misses you.
The ogre hits you with a +0 giant club!
* * * LOW HITPOINT WARNING * * *
The orc priest invokes the aid of Beogh against you.
Beogh smites you!
You die...
Your body crumbles into a pile of gold.

...##...##.... .......
...##......... ...>...
.............. .....#
........##.. .....##
...###...##########.......
...##....#.....§§§§§§.....
...##....#.....§§oo{§..?..
.........')....§§§YO§.....
.........#.....§h§§§§.....
........##.......##§§...##
...##...########## ######
... #+### ..


You could see an orc warrior, an ice beast and an orc priest.

Vanquished Creatures
  Pikel (D:4)
  Grinder (D:3)
  A wyvern (D:6)
  Eustachio (D:4)
  Duvessa (D:4)
  An orc warrior (D:6)
  2 black bears (D:5)
  An ice beast (D:5)
  An ogre (D:5)
  A centaur (D:4)
  3 lemures (D:4)
  A weeping skull (Ossuary)
  2 scorpions
  4 water moccasin zombies (Ossuary)
  Dowan (D:4)
  3 bombardier beetles
  3 hounds
  A jelly (D:6)
  An orc priest (D:4)
  A spectral scorpion (Ossuary)
  Crazy Yiuf (D:4)
  A sleepcap (D:5)
  2 iguanas
  An orc wizard (D:6)
  2 crocodile zombies (Ossuary)
  2 mummies (Ossuary)
  Robin (D:4)
  3 gnolls
  9 adders
  A white imp (D:6)
  4 ufetubi
  3 adder zombies (Ossuary)
  2 worms
  A dart slug (D:5)
  6 orcs
  3 ball pythons
  10 bats
  4 endoplasms
  A giant cockroach (D:2)
  5 gnoll zombies (Ossuary)
  10 goblins
  7 hobgoblins
  3 jackals (D:1)
  2 quokkas
  2 frilled lizards
  A hobgoblin zombie (D:6)
  2 jackal zombies (Ossuary)
  9 kobolds
  6 orc zombies (Ossuary)
  2 rats (D:1)
137 creatures vanquished.

Notes
Turn   | Place    | Note
-------+----------+-------------------------------------------
     0 | D:1      | BigPumpCobain the Merfolk Shapeshifter began the quest for
                  | the Orb.
     0 | D:1      | Reached XP level 1. HP: 15/15 MP: 1/1
   193 | D:1      | Reached XP level 2. HP: 17/21 MP: 2/2
   393 | D:1      | You fall into a shaft and drop 1 floor!
   531 | D:2      | Reached XP level 3. HP: 27/27 MP: 3/3
   667 | D:1      | Reached skill level 4 in Unarmed Combat
  1192 | D:2      | Reached XP level 4. HP: 19/33 MP: 4/4
  1377 | D:2      | Found a faded altar of an unknown god.
  1669 | D:3      | Noticed Grinder
  1684 | D:3      | Killed Grinder
  1685 | D:3      | Reached skill level 5 in Unarmed Combat
  1685 | D:3      | Reached skill level 5 in Shapeshifting
  1685 | D:3      | Reached XP level 5. HP: 23/41 MP: 5/5
  1685 | D:3      | Reached XP level 6. HP: 26/47 MP: 6/6
  1965 | D:3      | Found an ornate altar of the Wu Jian Council.
  2248 | D:4      | Found a runed translucent door.
  2249 | D:4      | Noticed Crazy Yiuf
  2258 | D:4      | Killed Crazy Yiuf
  2259 | D:4      | Reached skill level 6 in Unarmed Combat
  2442 | D:4      | Noticed Pikel
  2452 | D:4      | HP: 2/47 [Pikel/+2 whip of freezing (3)]
  2462 | D:4      | Killed Pikel
  2463 | D:4      | Reached skill level 1 in Armour
  2463 | D:4      | Reached skill level 7 in Unarmed Combat
  2463 | D:4      | Reached XP level 7. HP: 11/55 MP: 7/7
  2482 | D:4      | Reached XP level 8. HP: 19/61 MP: 8/8
  2688 | D:4      | Found a staircase to the Ecumenical Temple.
  2785 | Temple   | Entered the Ecumenical Temple
  2798 | Temple   | Became a worshipper of Gozag Ym Sagoz the Greedy
  2886 | D:4      | Noticed Robin
  2913 | D:4      | Killed Robin
  3241 | D:4      | Found a radiant altar of Vehumet.
  3467 | D:4      | Noticed Dowan
  3467 | D:4      | Noticed Duvessa
  3484 | D:4      | Killed Duvessa
  3485 | D:4      | Reached skill level 5 in Fighting
  3492 | D:4      | Killed Dowan
  3884 | D:4      | Noticed Eustachio
  3912 | D:4      | Killed Eustachio
  3913 | D:4      | Reached skill level 8 in Unarmed Combat
  4276 | D:5      | Entered Level 5 of the Dungeon
  4579 | D:5      | Reached XP level 9. HP: 69/69 MP: 9/9
  4981 | D:5      | Reached skill level 9 in Unarmed Combat
  5464 | D:6      | Found a sand-covered staircase.
  5472 | Ossuary  | Entered an ossuary
  5817 | D:6      | HP: 3/71 [ogre/+0 giant club (14)]
  5819 | D:6      | Killed from afar by an orc priest

Illustrated notes

Levels and vault maps discovered:
D:1:      kilobyte_arrival_exit_the_forest, layout_basic, hex_tiny
D:2:      layout_rooms, shapermc_ecumenical_altar_mp_ritualfount
D:3:      layout_rooms, nicolae_wu_jian_immortal_techniques, uniq_grinder
D:4:      layout_layer_cave, vehumet_crystals, minmay_temple_entry_offerings,
          uniq_robin, uniq_crazy_yiuf_cottage, uniq_duvessa, uniq_eustachio,
          uniq_pikel
D:5:      layout_rooms
D:6:      layout_gridville, enter_ossuary_3, roderic_batcave
Temple:   hellmonk_temple_forest_ring

Skill      XL: |  1  2  3  4  5  6  7  8  9 |
---------------+----------------------------+-----
Unarmed Combat | 4 5 7 8 9 |  9.8
Fighting       | 2 3 4 5 6 |  6.5
Shapeshifting  | 5 6 7 8 |  8.2
Armour         | 1 2 3 |  3.5
Dodging        | |  2.6

Action                     |  1- 3 |  4- 6 |  7- 9 || total
---------------------------+-------+-------+-------++-------
  Melee: Unarmed           |    64 |   126 |   280 ||   470
         Punch             |     3 |       |       ||     3
  Evoke: Wand              |       |       |    10 ||    10
    Use: Scroll            |       |     6 |     2 ||     8
         Potion            |       |     3 |     3 ||     6
   Stab: Sleeping          |     1 |       |       ||     1
 Armour: Animal skin       |     5 |       |       ||     5
         Ring mail         |    42 |     4 |       ||    46
         Scale mail        |       |    56 |   252 ||   308
         Skin              |       |    13 |    71 ||    84
  Dodge: Dodged            |    53 |    49 |   140 ||   242
  Block: Buckler           |       |    21 |    58 ||    79

Table legend: (Time is in decaauts)
 A = Elapsed time spent in this place.
 B = Non-inter-level travel time spent in this place.
 C = Inter-level travel time spent in this place.
 D = Time resting spent in this place.
 E = Time spent auto-exploring this place.
 F = Levels seen in this place.
 G = Mean time per level.
                   A        B        C        D        E       F      G
               +--------+--------+--------+--------+--------+-----+--------+
         Total |   5766 |   5444 |    322 |    338 |   4200 |   8 |  720.8 |
       Dungeon |   5428 |   5131 |    297 |    338 |   3996 |   6 |  904.7 |
        Temple |     25 |      1 |     24 |      0 |      0 |   1 |   25.0 |
       Ossuary |    312 |    312 |      0 |      0 |    204 |   1 |  312.0 |
               +--------+--------+--------+--------+--------+-----+--------+

Top non-repeatable levels by time:
     D:4: 2060 daAuts
     D:1: 914 daAuts
     D:5: 874 daAuts
     D:3: 636 daAuts
     D:2: 612 daAuts
     D:6: 328 daAuts
 Ossuary: 312 daAuts
  Temple: 25 daAuts
